 Dungeon Crawl Stone Soup version 0.31-a0-625-gc9c7e45f3f (webtiles) character file.

Game seed: 6152985362098488296

216 AdnanSaban the Covered (level 5, 0/33 HPs)
             Began as a Gargoyle Fighter on Aug 24, 2023.
             Slain by a jelly (1 damage)
             ... on level 4 of the Dungeon.
             The game lasted 00:02:34 (3081 turns).

AdnanSaban the Covered (Gargoyle Fighter)           Turns: 3081, Time: 00:02:34

Health: 0/33       AC: 11    Str: 21    XL:     5   Next: 93%
Magic:  5/5        EV:  9    Int:  9    God:
Gold:   166        SH:  4    Dex:  9    Spells: 4/4 levels left

rFire   . . .        a - +0 flail
rCold   . . .        c - +0 buckler
rNeg    + . .        b - +0 scale mail
rPois   ∞            (no helmet)
rElec   +            (no cloak)
rCorr   .            (no gloves)
SInv    .            (no boots)
Will    .....        (no amulet) Stlth
                     (no ring)
HPRegen 0.25/turn    (no ring)
MPRegen 0.09/turn

%: no passive effects
@: no status effects
A: sickness immunity, AC +4, negative energy resistance 1, electricity
resistance, torment resistance 1, petrification resistance
a: no special abilities


You were on level 4 of the Dungeon.
You visited 1 branch of the dungeon, and saw 4 of its levels.

You collected 166 gold pieces.

Inventory:

Hand Weapons
 a - a +0 flail (weapon)
Missiles
 h - a throwing net
 n - 6 poisoned darts
Armour
 b - a +0 scale mail (worn)
 c - a +0 buckler (worn)
Jewellery
 l - an amulet of magic regeneration
Scrolls
 e - 2 scrolls of summoning {unknown}
 f - 2 scrolls of vulnerability {unknown}
 g - 3 scrolls of teleportation {unknown}
 j - 2 scrolls of identify {unknown}
 k - a scroll of enchant armour {unknown}
 p - a scroll of fog {unknown}
Potions
 d - a potion of might
 i - 2 potions of curing {unknown}
 m - 2 potions of magic {unknown}
 o - a potion of invisibility {unknown}
 q - a potion of berserk rage {unknown}


   Skills:
 + Level 4.0 Fighting
 + Level 3.8 Maces & Flails
 + Level 4.2 Armour
 + Level 1.6 Dodging
 + Level 4.0 Shields


You had 4 spell levels left.
You didn't know any spells.
Your spell library contained the following spells:

 Spells                   Type           Power      Damage    Failure   Level
 Dazzling Flash           Conj/Hex       0%         N/A       98%         3
 Volatile Blastmotes      Fire/Tloc      0%         2d10      98%         3
 Agony                    Necr           0%         N/A       100%        5
 Silence                  Hex/Air        0%         N/A       100%        5
 Starburst                Conj/Fire      0%         6d3       100%        6
 Maxwell's Capacitive Co  Air            0%         ∞         100%        8


Dungeon Overview and Level Annotations

Branches:
Dungeon (4/15)
 Temple: D:4-7

Altars:


Innate Abilities, Weirdness & Mutations

You are immune to sickness and miasma.
Your stone body is resilient. (AC +4)
You are immune to poison.
You resist negative energy. (rN+)
You are resistant to electric shocks. (rElec)
You are resistant to unholy torment.
You are immune to petrification.


Message History

You are too injured to fight recklessly!
A jelly is nearby!
You are too injured to fight recklessly!
A jelly is nearby!
You are too injured to fight recklessly!
A jelly is nearby!
You are too injured to fight recklessly!
A jelly is nearby!
You are too injured to fight recklessly!
A jelly is nearby!
You are too injured to fight recklessly!
A jelly is nearby!
You are too injured to fight recklessly!
A jelly is nearby!
You are too injured to fight recklessly!
A jelly is nearby!
You are too injured to fight recklessly!
A jelly is nearby!
You are too injured to fight recklessly!
A jelly is nearby!
You are too injured to fight recklessly!
A jelly is nearby!
You are too injured to fight recklessly!
A jelly is nearby!
You are too injured to fight recklessly!
A jelly is nearby!
You are too injured to fight recklessly!
A jelly is nearby!
You are too injured to fight recklessly!
A jelly is nearby!
You are too injured to fight recklessly!
A jelly is nearby!
You are too injured to fight recklessly!
A jelly is nearby!
You are too injured to fight recklessly!
You sock the jelly!
Your hands burn!
* * * LOW HITPOINT WARNING * * *
The jelly is heavily wounded.
The jelly hits you.
You die...

#..).. ##
################.##.
..##...#..#...#..##.##.
.........#...'.<...#>.
.... ...#...#.....#..
#.. #.###.####'#####
##.##..##)###'####...###
.........))......#.....#
......J@.........#.....#
.................#.....#
......>..?.......#.....#
##..##.########.########
#. ## .# .. .. . ..


You could see a jelly.

Vanquished Creatures
  A hound (D:4)
  An orc wizard (D:3)
  5 adders
  3 gnolls (D:4)
  2 worms
  5 orcs (D:3)
  5 ball pythons
  4 endoplasms
  4 giant cockroaches
  4 goblins
  8 hobgoblins
  7 jackals (D:2)
  4 quokkas
  2 bats (D:1)
  A frilled lizard (D:2)
  9 kobolds
  11 rats
76 creatures vanquished.

Notes
Turn   | Place    | Note
-------+----------+-------------------------------------------
     0 | D:1      | AdnanSaban the Gargoyle Fighter began the quest for the
                  | Orb.
     0 | D:1      | Reached XP level 1. HP: 14/14 MP: 1/1
   251 | D:1      | Reached XP level 2. HP: 19/19 MP: 2/2
   860 | D:2      | Reached XP level 3. HP: 22/23 MP: 3/3
  1082 | D:2      | Reached XP level 4. HP: 25/28 MP: 4/4
  2154 | D:3      | HP: 1/29 [orc/+0 club (2)]
  2156 | D:3      | Reached skill level 1 in Dodging
  2156 | D:3      | Reached XP level 5. HP: 2/33 MP: 5/5
  3081 | D:4      | HP: 1/33 [acid (2)]
  3081 | D:4      | Slain by a jelly

Illustrated notes

Levels and vault maps discovered:
D:1:      matt_arrival_spirals, layout_basic
D:2:      layout_loops_corners, minmay_misc_feat_four_crosses,
          nicolae_half_adder
D:3:      layout_loops_corners, portal_sewer_entry_e
D:4:      layout_gridville, gammafunk_ghost_cemetery

Skill      XL: |  1  2  3  4  5 |
---------------+----------------+-----
Armour         | 4 |  4.2
Maces & Flails | 3 |  3.8
Dodging        | 1 |  1.6
Shields        | 4 |  4.0
Fighting       | 4 |  4.0

Action                     |  1- 3 |  4- 6 || total
---------------------------+-------+-------++-------
  Melee: Flail             |   143 |   166 ||   309
 Armour: Scale mail        |   106 |   114 ||   220
  Dodge: Dodged            |   102 |   122 ||   224
  Block: Buckler           |    33 |    51 ||    84

Table legend: (Time is in decaauts)
 A = Elapsed time spent in this place.
 B = Non-inter-level travel time spent in this place.
 C = Inter-level travel time spent in this place.
 D = Time resting spent in this place.
 E = Time spent auto-exploring this place.
 F = Levels seen in this place.
 G = Mean time per level.
                   A        B        C        D        E       F      G
               +--------+--------+--------+--------+--------+-----+--------+
         Total |   3173 |   3031 |    142 |     97 |   2192 |   4 |  793.2 |
       Dungeon |   3173 |   3031 |    142 |     97 |   2192 |   4 |  793.2 |
               +--------+--------+--------+--------+--------+-----+--------+

Top non-repeatable levels by time:
     D:2: 1150 daAuts
     D:3: 993 daAuts
     D:1: 888 daAuts
     D:4: 141 daAuts
